 Dungeon Crawl Stone Soup version 0.21.1-1-g345015fe64 (webtiles) character file.

496 Lentor the Slasher (level 6, -2/85 HPs)
             Began as a Minotaur Berserker on June 21, 2018.
             Was a Priest of Trog.
             Slain by an orc wizard
             ... wielding a +0 dagger of holy wrath
              (4 damage)
             ... on level 4 of the Dungeon.
             The game lasted 00:04:38 (2956 turns).

Lentor the Slasher (Minotaur Berserker)             Turns: 2956, Time: 00:04:38

Health: -2/85      AC:  7    Str: 28    XL:     6   Next: 93%
Magic:  5/5        EV: 12    Int:  4    God:    Trog [***...]
Gold:   149        SH:  0    Dex: 10    Spells: 5/5 levels left

rFire    . . .     SeeInvis .   a - +0 falchion
rCold    . . .     Gourm    .   (no shield)
rNeg     . . .     Faith    .   n - +0 ring mail
rPois    .         Spirit   .   (helmet restricted)
rElec    .         Reflect  .   (no cloak)
rCorr    .         Harm     .   l - +0 pair of gloves
MR       .....                  (no boots)
Stlth    ..........             (no amulet)
HPRegen  0.24/turn              (no ring)
MPRegen  0.09/turn              (no ring)

@: berserking, lethally poisoned (-2 -> -8), very quick
A: retaliatory headbutt, horns 2
a: Berserk, Trog's Hand, Burn Spellbooks, Renounce Religion


You were on level 4 of the Dungeon.
You worshipped Trog.
Trog was most pleased with you.
You were not hungry.

You visited 1 branch of the dungeon, and saw 4 of its levels.

You collected 149 gold pieces.

Inventory:

Hand Weapons
 a - a +0 falchion (weapon)
Armour
 l - a +0 pair of gloves (worn)
 n - a +0 ring mail (worn)
Scrolls
 e - 5 scrolls of remove curse
 g - a scroll of fog {unknown}
 h - a scroll of fear {unknown}
 j - 2 scrolls of noise {unknown}
 k - 5 scrolls of identify {unknown}
 m - a scroll of enchant weapon {unknown}
 o - a scroll of amnesia {unknown}
 p - 3 scrolls of teleportation {unknown}
Potions
 b - 2 potions of heal wounds
 d - a potion of lignification {unknown}
 f - 2 potions of curing {unknown}
 i - 3 potions of might {unknown}
 q - a potion of resistance {unknown}
Comestibles
 c - 7 rations


   Skills:
 + Level 5.6 Fighting
 + Level 6.4 Long Blades
 + Level 3.7 Armour
 + Level 4.4 Dodging
 + Level 0.8 Stealth


You had 5 spell levels left.
You didn't know any spells.

Dungeon Overview and Level Annotations

Branches:
Dungeon (4/15)
 Temple: D:4-7

Altars:


Innate Abilities, Weirdness & Mutations

You reflexively headbutt those who attack you in melee.
You have a pair of horns on your head.


Message History

You feel sick.
The orc priest begins to cast a cantrip, but forgets the words!
You slash the orc priest!
The orc priest is almost dead.
You feel sick.
The orc priest invokes the aid of Beogh against you.
Pain shoots through your body!
* * * LOW HITPOINT WARNING * * *
Something hits you but does no damage.
You completely miss the orc priest.
The orc priest is almost dead.
You slash the orc priest!
You kill the orc priest!
Trog accepts your kill.
* * * LOW HITPOINT WARNING * * *
You feel sick. Something hits you but does no damage.
You miss something.
* * * LOW HITPOINT WARNING * * *
You feel sick. Something hits you.
You die...

......? ### #
#.?...####### #..
#.#..#...$....# #.#
##.#..<........#
#.####..............+
##...##..#..#........#
......#..#......){.#.#
.#.#.....#....).@o.|.#
......##.#.#..#..#....#
##.##)...#.#.............
...#####...$.......(..###
##.#####.#$#.#.#..%.###
##.....#...#.......##
.......###.#.......#
###....# .........##
.......# #.#.#....#


You could see an orc.

Vanquished Creatures
  The ghost of Naru the Chopper, an amateur HOMo of Beogh (D:3)
  Eustachio (D:4)
  An orc wizard (D:4)
  2 orc priests (D:4)
  4 gnolls (D:3)
  2 adders
  An ooze (D:1)
  2 worms
  2 leopard geckos (D:3)
  A giant cockroach (D:3)
  6 goblins
  11 hobgoblins
  11 kobolds
  A quokka (D:3)
  2 ball pythons
  10 bats
  4 frilled lizards
  3 rats
65 creatures vanquished.

Notes
Turn   | Place    | Note
-------+----------+-------------------------------------------
     0 | D:1      | Lentor the Minotaur Berserker began the quest for the Orb.
     0 | D:1      | Reached XP level 1. HP: 19/19 MP: 0/0
   396 | D:1      | Reached XP level 2. HP: 26/27 MP: 1/1
   488 | D:1      | Reached skill level 4 in Long Blades
   772 | D:1      | Reached ** piety under Trog
   772 | D:1      | Reached XP level 3. HP: 25/33 MP: 2/2
  2053 | D:3      | Noticed Naru's ghost (amateur HOMo)
  2061 | D:3      | Killed Naru's ghost
  2061 | D:3      | Reached skill level 5 in Fighting
  2061 | D:3      | Reached skill level 5 in Long Blades
  2061 | D:3      | Reached XP level 4. HP: 41/42 MP: 3/3
  2061 | D:3      | Reached XP level 5. HP: 47/48 MP: 4/4
  2527 | D:3      | Reached XP level 6. HP: 42/56 MP: 5/5
  2859 | D:4      | Noticed Eustachio
  2881 | D:4      | Killed Eustachio
  2881 | D:4      | Reached skill level 6 in Long Blades
  2951 | D:4      | Reached *** piety under Trog
  2953 | D:4      | HP: 4/85 [orc priest/nerve-wracking pain (5)]
  2956 | D:4      | Slain by an orc wizard

Skill      XL: |  1  2  3  4  5  6 |
---------------+-------------------+-----
Fighting       | 4 5 |  5.6
Long Blades    | 4 5 6 |  6.4
Dodging        | 3 4 |  4.4
Armour         | 3 |  3.7
Stealth        | |  0.8

Action                   |  1- 3 |  4- 6 || total
-------------------------+-------+-------++-------
Melee: Falchion          |    97 |    66 ||   163
       Headbutt          |    20 |    10 ||    30
Invok: Berserk           |     1 |     3 ||     4
  Use: Scroll            |     1 |       ||     1
  Eat: Ration            |     1 |     1 ||     2
       Chunk             |       |     4 ||     4
Armor: Animal skin       |    16 |       ||    16
       Ring mail         |     1 |    16 ||    17
Dodge: Dodged            |    60 |    29 ||    89
       Rpst.: Falchion   |    13 |     7 ||    20
